 Dungeon Crawl Stone Soup version 0.28-a0-474-g535839065c (webtiles) character file.

Game seed: 15113347336690461848

4004 robertstho the Grappler (level 10, -3/96 HPs)
             Began as a Troll Delver on Sept 15, 2021.
             Was an Elder of Okawaru.
             Slain by a boulder beetle (21 damage)
             ... on level 8 of the Dungeon.
             The game lasted 00:08:13 (6195 turns).

robertstho the Grappler (Troll Delver)              Turns: 6195, Time: 00:08:14

Health: -3/96      AC:  4    Str: 25    XL:     10   Next: 3%
Magic:  2/11       EV: 12    Int:  6    God:    Okawaru [****..]
Gold:   359        SH:  0    Dex: 11    Spells: 9/9 levels left

rFire   . . .      SeeInvis .     - Unarmed
rCold   . . .      Faith    .   (no shield)
rNeg    . . .      Spirit   .   a - +0 robe
rPois   +          Reflect  .   (helmet restricted)
rElec   .          Harm     .   (no cloak)
rCorr   .          Rampage  .   (gloves unavailable)
Will    .....                   (boots unavailable)
Stlth   +++.......              (no amulet)
HPRegen 1.26/turn               r - ring of poison resistance
MPRegen 0.12/turn               (no ring)

@: heroic
A: large, unfitting armour, claws 3, regeneration 1, shaggy fur 1, tough skin 1
a: Renounce Religion, Heroism, Finesse


You were on level 8 of the Dungeon.
You worshipped Okawaru.
Okawaru was greatly pleased with you.
You visited 1 branch of the dungeon, and saw 8 of its levels.

You collected 359 gold pieces.

Inventory:

Hand Weapons
 t - a +6 great sword
Armour
 a - a +0 robe (worn)
Jewellery
 r - a ring of poison resistance (left claw)
Wands
 f - a wand of digging (3)
 s - a wand of acid (10)
Scrolls
 b - a scroll of fog
 c - 3 scrolls of magic mapping
 d - 2 scrolls of fear
 h - 3 scrolls of enchant weapon
 i - 5 scrolls of teleportation
 n - 2 scrolls of enchant armour
 p - a scroll of blinking
 u - a scroll of noise {unknown}
 w - a scroll of identify
Potions
 e - 2 potions of haste
 g - 7 potions of curing
 j - 2 potions of brilliance {unknown}
 k - 2 potions of lignification {unknown}
 l - 2 potions of flight {unknown}
 m - 3 potions of degeneration {unknown}
 o - a potion of mutation {unknown}
 q - a potion of might {unknown}
 v - 2 potions of ambrosia {unknown}


   Skills:
 * Level 5.3(10.3) Fighting
 * Level 4.2(9.2) Armour
 + Level 3.6(8.6) Dodging
 - Level 2.7(7.7) Stealth
 * Level 10.9(15.9) Unarmed Combat
 * Level 3.4 Invocations


You had 9 spell levels left.
You didn't know any spells.
Your spell library contained the following spells:

 Spells                   Type           Power      Damage    Failure   Level
 Freeze                   Ice            0%         1d3       45%         1
 Scorch                   Fire           0%         2d5       58%         2
 Dazzling Flash           Conj/Hex       0%         N/A       83%         3
 Frozen Ramparts          Ice            0%         1d2       83%         3
 Gell's Gravitas          Tloc           0%         N/A       83%         3
 Teleport Other           Tloc           0%         N/A       83%         3
 Flame Wave               Conj/Fire      0%         3d3       99%         4
 Hailstorm                Conj/Ice       0%         3d3       99%         4
 Agony                    Necr           0%         N/A       100%        5
 Silence                  Hex/Air        0%         N/A       100%        5
 Dispersal                Tloc           0%         N/A       100%        6
 Orb of Destruction       Conj           0%         N/A       100%        7
 Summon Guardian Golem    Hex/Summ       Unusable   N/A       N/A         3
 Summon Ice Beast         Ice/Summ       Unusable   N/A       N/A         4
 Summon Mana Viper        Hex/Summ       Unusable   N/A       N/A         5
 Summon Cactus Giant      Summ           Unusable   N/A       N/A         6
 Monstrous Menagerie      Summ           Unusable   N/A       N/A         7
 Spellforged Servitor     Conj/Summ      Unusable   N/A       N/A         7

Dungeon Overview and Level Annotations

Branches:
Dungeon (8/15)             Temple (0/1) D:6
   Lair: D:8-11

Altars:
Ashenzari
Cheibriados
Dithmenos
Fedhas
Hepliaklqana
Okawaru
Qazlal
Uskayaw
Yredelemnul

Shops:
D:5 [


Innate Abilities, Weirdness & Mutations

You are too large for most types of armour.
You have claws for hands.
Your natural rate of healing is unusually fast.
You are covered in fur. (AC +1)
You have tough skin. (AC +1)


Message History

You completely miss the boulder beetle.
The boulder beetle is lightly wounded.
The boulder beetle leaps!
A gnoll sergeant comes into view. It is wielding a +1 antimagic trident.
The gnoll sergeant shouts!
A centaur comes into view.
The boulder beetle leaps!
The boulder beetle leaps!
The gnoll sergeant hits you with a +1 antimagic trident.
You feel your power leaking away.
You barely miss the gnoll sergeant. The gnoll sergeant closely misses you.
You claw the gnoll sergeant!
You claw the gnoll sergeant, but do no damage.
The gnoll sergeant is moderately wounded.
The gnoll sergeant hits you with a +1 antimagic trident!
You feel your power leaking away.
You closely miss the gnoll sergeant.
The gnoll sergeant is moderately wounded.
The gnoll sergeant barely misses you.
You claw the gnoll sergeant!
The gnoll sergeant is severely wounded.
The boulder beetle leaps!
The gnoll sergeant hits you with a +1 antimagic trident.
You feel your power leaking away.
You claw the gnoll sergeant!
You kill the gnoll sergeant!
Okawaru accepts your kill.
Things that are here:
a +1 antimagic trident; a +0 ring mail The boulder beetle curls into a ball and begins rolling!
You gain the combat prowess of a mighty hero.
The boulder beetle hits you!!!
Ouch! That really hurt!
* * * LOW HITPOINT WARNING * * *
The boulder beetle stops rolling and uncurls.
You hear a shout!
You claw the boulder beetle!
The boulder beetle is lightly wounded.
The boulder beetle bites you!!
You die...

###.......
##########.........
#########..............#
#.....................c#
#......................#
#..#....#..#######.....#≈#.
#..##..##..# #.....'...
#..##''##..#######.....'...
#..##..8#....)..@B°....#≈#.
#..##__##..#############≈#
#...#⌠⌠#...# ≈
##########.########
#............
###.###.#######.
................
###.###.#######.# ###.###.#
.#


You could see a boulder beetle and a centaur.

Vanquished Creatures
  A cyclops (D:6)
  Joseph (D:8)
  Grinder (D:3)
  2 wyverns
  Eustachio (D:5)
  An orc warrior (D:8)
  A black bear (D:5)
  An ogre (D:6)
  5 necrophages
  3 centaurs
  A phantom (D:4)
  2 kobold brigands
  A bullfrog (D:6)
  Blork the orc (D:5)
  5 scorpions
  A wyvern zombie (D:6)
  A gnoll sergeant (D:8)
  A wyvern skeleton (D:7)
  3 wights (D:6)
  A howler monkey (D:5)
  A bullfrog zombie (D:7)
  2 centaur zombies
  3 jellies
  A hound (D:5)
  A gnoll shaman (D:6)
  5 orc priests
  4 orc wizards
  Natasha (D:3)
  A killer bee zombie (D:7)
  A howler monkey zombie (D:5)
  8 gnolls
  2 adders
  3 ufetubi
  3 worms
  4 dart slugs
  20 orcs
  5 ball pythons
  9 endoplasms
  A giant cockroach (D:4)
  5 goblins
  2 hobgoblins (D:2)
  2 jackals (D:1)
  15 kobolds
  2 quokkas
  6 bats
  3 frilled lizards
  7 rats
  A spectral orc (D:4)
  A bush (D:7)
153 creatures vanquished.

Vanquished Creatures (others)
  A bush (D:7)
  11 plants (D:7)
12 creatures vanquished.

Grand Total: 165 creatures vanquished

Notes
Turn   | Place    | Note
-------+----------+-------------------------------------------
     0 | D:5      | robertstho the Troll Delver began the quest for the Orb.
     0 | D:5      | Reached XP level 1. HP: 22/22 MP: 0/0
    13 | D:4      | Noticed a scorpion
    32 | D:4      | Killed a scorpion
    33 | D:4      | Reached skill level 1 in Armour
    33 | D:4      | Reached XP level 2. HP: 6/31 MP: 1/1
    33 | D:4      | Reached XP level 3. HP: 8/37 MP: 2/2
    72 | D:4      | Noticed a scorpion
    88 | D:4      | Killed a scorpion
    89 | D:4      | Reached skill level 3 in Unarmed Combat
    89 | D:4      | Reached XP level 4. HP: 3/45 MP: 3/3
    89 | D:4      | HP: 2/45 [poisoned by a scorpion]
    94 | D:4      | HP: 1/45 [poisoned by a scorpion]
   168 | D:4      | Reached XP level 5. HP: 53/53 MP: 4/4
   243 | D:4      | Noticed a phantom
   259 | D:4      | Killed a phantom
   544 | D:4      | Found a basalt altar of Yredelemnul.
   590 | D:3      | Noticed Grinder
   593 | D:3      | Paralysed by Grinder for 2 turns
   606 | D:3      | Killed Grinder
   607 | D:3      | Reached skill level 4 in Unarmed Combat
   607 | D:3      | Reached XP level 6. HP: 19/62 MP: 5/5
   882 | D:3      | Noticed Natasha
   895 | D:3      | Killed Natasha
  1198 | D:3      | Found an iron altar of Okawaru.
  1226 | D:3      | Became a worshipper of Warmaster Okawaru
  1703 | D:2      | Found a faded altar of an unknown god.
  2243 | D:1      | Reached XP level 7. HP: 70/70 MP: 6/6
  2680 | D:1      | Reached skill level 5 in Unarmed Combat
  2946 | D:5      | Noticed Eustachio
  2988 | D:6      | Found a snail-covered altar of Cheibriados.
  3041 | D:6      | Noticed a cyclops
  3258 | D:6      | Noticed a wyvern
  3264 | D:6      | Killed a wyvern
  3265 | D:6      | Reached skill level 6 in Unarmed Combat
  3265 | D:6      | Reached skill level 1 in Invocations
  3316 | D:6      | Reached * piety under Okawaru
  3384 | D:5      | Noticed Blork the orc
  3389 | D:5      | Killed Blork the orc
  3441 | D:5      | Reached XP level 8. HP: 60/79 MP: 7/7
  3454 | D:5      | Reached skill level 7 in Unarmed Combat
  3620 | D:5      | Reached ** piety under Okawaru
  3663 | D:5      | Found Juaturugh's Antique Armour Boutique.
  3839 | D:5      | Reached skill level 8 in Unarmed Combat
  3843 | D:5      | Killed Eustachio
  4396 | D:6      | Killed a cyclops
  4396 | D:6      | Reached *** piety under Okawaru
  4397 | D:6      | Reached skill level 9 in Unarmed Combat
  4397 | D:6      | Reached XP level 9. HP: 71/87 MP: 9/9
  4513 | D:6      | Found a staircase to the Ecumenical Temple.
  5012 | D:7      | Found a blossoming altar of Fedhas.
  5483 | D:7      | Reached skill level 5 in Fighting
  5492 | D:7      | Reached skill level 10 in Unarmed Combat
  5589 | D:8      | Found a broken altar of Ashenzari.
  5653 | D:8      | Noticed Joseph
  5667 | D:8      | Killed Joseph
  5667 | D:8      | Reached **** piety under Okawaru
  5918 | D:8      | Found a shadowy altar of Dithmenos.
  5926 | D:8      | Reached XP level 10. HP: 91/96 MP: 11/11
  5957 | D:8      | Found a stormy altar of Qazlal.
  6147 | D:8      | Found a hazy altar of Hepliaklqana.
  6147 | D:8      | Found a hide-covered altar of Uskayaw.
  6165 | D:8      | Noticed a boulder beetle
  6195 | D:8      | Slain by a boulder beetle

Illustrated notes

Levels and vault maps discovered:
D:1:      ebering_trefoil_twist, layout_basic, minmay_cupped
D:2:      layout_basic, shapermc_ecumenical_altar_petra,
          kennysheep_generic_room_2
D:3:      layout_basic, okawaru_ov_weapons_minmay, uniq_grinder, uniq_natasha
D:4:      layout_cave_pools, yredelemnul_forgotten_temple_becter,
          grunt_ministairs_2, minmay_misc_feat_rugged, minmay_misc_feat_alley
D:5:      minmay_recursive_quarters, layout_basic, serial_shops, shop,
          kennysheep_path_1, uniq_blork_the_orc, uniq_eustachio
D:6:      layout_basic, kennysheep_slug_shrine, minmay_temple_entry_wispy
D:7:      layout_basic, fedhas_altar_decomposition, kennysheep_nondescript
D:8:      layout_basic, nicolae_ashenzari_skybound,
          gammafunk_temple_overflow_wave, mainiacjoe_overflow_two_lobes,
          serial_shops, nicolae_shop_crystal, serial_bayou_ford_a,
          kennysheep_generic_room_5, uniq_joseph

Skill      XL: |  1  2  3  4  5  6  7  8  9 |
---------------+----------------------------+-----
Fighting       | 3 4 5 |  5.3
Armour         | 1 2 3 4 |  4.2
Unarmed Combat | 3 4 6 9 10 | 10.9
Dodging        | 2 3 |  3.6
Invocations    | 1 2 3 |  3.4
Stealth        | |  2.7

Action                   |  1- 3 |  4- 6 |  7- 9 | 10-12 || total
-------------------------+-------+-------+-------+-------++-------
Melee: Unarmed           |    20 |   112 |   328 |    16 ||   476
       Punch             |       |     3 |    15 |     1 ||    19
Invok: Heroism           |       |       |     1 |     1 ||     2
  Use: Potion            |       |     2 |       |       ||     2
       Scroll            |       |     1 |     5 |       ||     6
 Stab: Sleeping          |       |     7 |     7 |       ||    14
Armor: Robe              |     4 |    22 |    64 |     1 ||    91
Dodge: Dodged            |     9 |    29 |   155 |     6 ||   199

Table legend: (Time is in decaauts)
 A = Elapsed time spent in this place.
 B = Non-inter-level travel time spent in this place.
 C = Inter-level travel time spent in this place.
 D = Time resting spent in this place.
 E = Time spent auto-exploring this place.
 F = Levels seen in this place.
 G = Mean time per level.
                   A        B        C        D        E       F      G
               +--------+--------+--------+--------+--------+-----+--------+
         Total |   6143 |   5797 |    346 |    151 |   4558 |   8 |  767.9 |
       Dungeon |   6143 |   5797 |    346 |    151 |   4558 |   8 |  767.9 |
               +--------+--------+--------+--------+--------+-----+--------+

Top non-repeatable levels by time:
     D:5: 953 daAuts
     D:2: 928 daAuts
     D:7: 887 daAuts
     D:6: 806 daAuts
     D:3: 729 daAuts
     D:8: 633 daAuts
     D:1: 632 daAuts
     D:4: 572 daAuts
